 Dungeon Crawl Stone Soup version 0.32-a0-360-gcd93b57ba1 (webtiles) character file.

Game seed: 1116430639491961302

2 nightchill the Trooper (level 1, -1/19 HPs)
             Began as a Mountain Dwarf Fighter on Feb 18, 2024.
             Slain by a quokka (3 damage)
             ... on level 1 of the Dungeon.
             The game lasted 00:00:28 (179 turns).

nightchill the Trooper (Mountain Dwarf Fighter)      Turns: 179, Time: 00:00:29

Health: -1/19      AC:  6    Str: 18    XL:     1   Next: 25%
Magic:  1/1        EV:  9    Int:  8    God:
Gold:   0          SH:  4    Dex:  9    Spells: 0/0 levels left

rFire   . . .        a - +0 war axe
rCold   . . .        c - +0 buckler
rNeg    . . .        b - +0 scale mail
rPois   .            (no helmet)
rElec   .            (no cloak)
rCorr   .            (no gloves)
SInv    .            (no boots)
Will    .....        (no amulet) Stlth
                     (no ring)
HPRegen 0.23/turn    (no ring)
MPRegen 0.07/turn

%: no passive effects
@: no status effects
A: runic magic, artefact enchanting
a: no special abilities


You were on level 1 of the Dungeon.
You visited 1 branch of the dungeon, and saw 1 of its levels.

Inventory:

Hand Weapons
 a - a +0 war axe (weapon)
Armour
 b - a +0 scale mail (worn)
 c - a +0 buckler (worn)
Scrolls
 e - 2 scrolls of teleportation {unknown}
 f - a scroll of enchant armour {unknown}
Potions
 d - a potion of might


   Skills:
 + Level 3.3 Fighting
 * Level 2.6 Axes
 - Level 3.2 Armour
 - Level 3.2 Shields


You couldn't memorise any spells.
You didn't know any spells.
Your spell library was empty.

Dungeon Overview and Level Annotations

Branches:
Dungeon (1/15)

Altars:


Innate Abilities, Weirdness & Mutations

Your spellcasting is much less encumbered by armour.
You can use scrolls of enchantment on lesser artefacts.


Message History

The quokka is moderately wounded.
The quokka barely misses you. The quokka bites you.
* * * LOW HITPOINT WARNING * * *
You closely miss the quokka.
The quokka is moderately wounded.
The quokka bites you.
* * * LOW HITPOINT WARNING * * *
You closely miss the quokka.
The quokka is moderately wounded.
The quokka closely misses you. The quokka bites you.
* * * LOW HITPOINT WARNING * * *
You closely miss the quokka.
The quokka is moderately wounded.
The quokka bites you.
* * * LOW HITPOINT WARNING * * *
You block the quokka's attack.
Okay, then.
You closely miss the quokka.
The quokka is moderately wounded.
You block the quokka's attack.
You hit the quokka but do no damage.
The quokka is moderately wounded.
The quokka closely misses you. The quokka bites you.
* * * LOW HITPOINT WARNING * * *
You completely miss the quokka.
The quokka is moderately wounded.
The quokka misses you.
You closely miss the quokka.
The quokka is moderately wounded.
The quokka closely misses you. You block the quokka's attack.
You hit the quokka.
The quokka is heavily wounded.
You block the quokka's attack. The quokka closely misses you.
You closely miss the quokka.
The quokka is heavily wounded.
The quokka closely misses you.
You completely miss the quokka.
The quokka is heavily wounded.
The quokka bites you.
You die...

### #.# #.#
#.# #.#
##########.#
#..........#
#.#######..#
#@# ###..##
#r# #.....#
#.# #.#.###
..> #.#.#
#.. #.#.#
#..# #.#.#
#..# #.#.#
#..# #.#.#
#.#.#


You could see a quokka.

Vanquished Creatures
  An endoplasm (D:1)
1 creature vanquished.

Notes
Turn   | Place    | Note
-------+----------+-------------------------------------------
     0 | D:1      | nightchill the Mountain Dwarf Fighter began the quest for
                  | the Orb.
     0 | D:1      | Reached XP level 1. HP: 19/19 MP: 1/1
   179 | D:1      | Slain by a quokka

Illustrated notes

Levels and vault maps discovered:
D:1:      dpeg_arrival_concentric_ovals, layout_basic

Action                     || total
---------------------------++-------
  Melee: War axe           ||    27
 Armour: Scale mail        ||    18
  Dodge: Dodged            ||    18
  Block: Buckler           ||     5

Table legend: (Time is in decaauts)
 A = Elapsed time spent in this place.
 B = Non-inter-level travel time spent in this place.
 C = Inter-level travel time spent in this place.
 D = Time resting spent in this place.
 E = Time spent auto-exploring this place.
 F = Levels seen in this place.
 G = Mean time per level.
                   A        B        C        D        E       F      G
               +--------+--------+--------+--------+--------+-----+--------+
         Total |    189 |    189 |      0 |     47 |     94 |   1 |  189.0 |
       Dungeon |    189 |    189 |      0 |     47 |     94 |   1 |  189.0 |
               +--------+--------+--------+--------+--------+-----+--------+

Top non-repeatable levels by time:
     D:1: 189 daAuts
